 Dungeon Crawl Stone Soup version 0.29-a0-509-g793eeb5391 (webtiles) character file.

Game seed: 16616166096996157382

1020 Morbidden the Conjurer (level 8, -4/44 HPs)
             Began as a Deep Elf Conjurer on May 29, 2022.
             Was an Elder of Dithmenos.
             Killed from afar by Pikel (10 damage)
             ... with an iceblast
             ... on level 5 of the Dungeon.
             The game lasted 00:08:40 (6194 turns).

Morbidden the Conjurer (Deep Elf Conjurer)          Turns: 6194, Time: 00:08:40

Health: -4/44      AC:  5    Str:  4    XL:     8   Next: 2%
Magic:  5/19       EV: 21    Int: 26    God:    Dithmenos [****..]
Gold:   379        SH:  0    Dex: 13    Spells: 8/19 levels left

rFire   . . .      SeeInvis .   a - +1 dagger (holy)
rCold   . . .      Faith    .   (no shield)
rNeg    . . .      Spirit   .   t - +0 robe
rPois   .          Reflect  .   u - +1 helmet
rElec   .          Harm     .   (no cloak)
rCorr   .          Rampage  .   m - +0 pair of gloves
Will    .....                   (no boots)
Stlth   +++.......              (no amulet)
HPRegen 0.14/turn               p - +4 ring of evasion
MPRegen 0.16/turn               v - +4 ring of evasion

@: wreathed by umbra
A: no striking features
a: Renounce Religion, Shadow Step


You were on level 5 of the Dungeon.
You worshipped Dithmenos.
Dithmenos was greatly pleased with you.
You visited 1 branch of the dungeon, and saw 5 of its levels.
You also visited: Ossuary.

You collected 379 gold pieces.

Inventory:

Hand Weapons
 a - a +1 dagger of holy wrath (weapon)
Armour
 m - a +0 pair of gloves (worn)
 t - a +0 robe (worn)
 u - a +1 helmet (worn)
Jewellery
 p - a +4 ring of evasion (left hand)
 v - a +4 ring of evasion (right hand)
Wands
 g - a wand of polymorph (13)
 q - a wand of mindburst (20)
 y - a wand of flame (28)
Scrolls
 c - 3 scrolls of identify
 d - 3 scrolls of fear
 l - 2 scrolls of teleportation
 r - 2 scrolls of amnesia {unknown}
 s - a scroll of poison
 x - 2 scrolls of enchant armour
Potions
 b - a potion of magic
 e - 4 potions of mutation {unknown}
 f - 3 potions of lignification {unknown}
 h - 4 potions of flight {unknown}
 i - 2 potions of brilliance {unknown}
 k - a potion of haste {unknown}
 n - 2 potions of berserk rage {unknown}
 o - 2 potions of ambrosia {unknown}
 w - 2 potions of degeneration {unknown}
Miscellaneous
 j - a piece from Xom's chessboard (15/15)


   Skills:
 * Level 2.0 Fighting
 * Level 1.2 Short Blades
 * Level 4.2 Dodging
 * Level 3.6 Stealth
 * Level 6.1 Spellcasting
 * Level 7.4 Conjurations
 * Level 2.2 Hexes
 * Level 2.3 Translocations
 * Level 2.2 Invocations
 * Level 0.1 Evocations


You had 8 spell levels left.
You knew the following spells:

 Your Spells              Type           Power      Damage    Failure   Level
a - Magic Dart            Conj           100%       1d8       1%          1
b - Searing Ray           Conj           92%        2d7       1%          2
x - Fulminant Prism       Conj/Hex       16%        3d11      10%         4
z - Iskenderun's Mystic   Conj/Tloc      33%        2d8       9%          4

Your spell library contained the following spells:

 Spells                   Type           Power      Damage    Failure   Level
 Dazzling Flash           Conj/Hex       64%        N/A       2%          3
 Starburst                Conj/Fire      13%        6d6       93%         6


Dungeon Overview and Level Annotations

Branches:
Dungeon (5/15)             Temple (0/1) D:4         Ossuary (visited)

Altars:
Dithmenos
Kikubaaqudgha
Yredelemnul
Zin
The Shining One

Annotations:
D:3 2 transporters, Menkaure
D:5 Pikel


Message History

Pikel burns you.
The searing ray misses Pikel.
The searing ray misses the lemure.
The searing ray hits the lemure!
The lemure is moderately wounded.
Pikel hits you with a +1 whip of flaming.
Pikel burns you.
The searing ray hits Pikel.
Pikel is moderately wounded.
The searing ray hits the lemure!
The lemure is heavily wounded.
The searing ray hits the lemure!
The lemure is severely wounded.
Pikel says, "You'll feel the lick of my whip!"
Pikel closely misses you.
The searing ray misses Pikel.
The searing ray misses the lemure.
The searing ray hits the lemure but does no damage.
The lemure is severely wounded.
You finish channelling your searing ray.
Pikel misses you.
Pikel hits you with a +1 whip of flaming!
Pikel burns you. Pikel completely misses you.
Pikel hits you with a +1 whip of flaming.
Pikel burns you.
Unknown command.
Casting: Searing Ray (safe; 1% risk of failure)
Confirm with . or Enter, or press ? or * to list all spells.
Aiming: Magic Dart (safe; 1% risk of failure)
Press: ? - help, Shift-Dir - straight line, f/p - Pikel
Aim: Pikel, wielding a +1 whip of flaming, wearing a +0 robe and carrying a wand of iceblast (4) (moderately wounded, umbra, 100% to hit)
The magic dart hits Pikel.
Pikel is heavily wounded.
Pikel says, "You'll feel the lick of my whip!"
Pikel barely misses you.
Unknown command.
Pikel closely misses you.
Pikel zaps a wand.
The mass of ice explodes!
The iceblast engulfs you!
* * * LOW HITPOINT WARNING * * *
Pikel zaps a wand.
The mass of ice explodes!
The iceblast engulfs you!
You die...

#>#.#.# #...# ##..###...##
#.#.#.### #...#####.........####
#.......####.........#####.......
..#.###..............# #.......
..#.# #......>.......# #.......
....###........<.....# #.......
........##...........#####.......
.##.....##)#...#.###.......######
.##.....##.#...#@# #.##.#.##
.##.######.#...#.# #.(.# .##.#
####.##.##.# ##^.####### ..#.#
#......W5K.# #.###......... ....#
#.#####.#### #.......###### ..###
# ####.##########...# .##
#...K5.....# ##### ##
#.##5#..##.. # .. ..W..[..


You could see Pikel.

Vanquished Creatures
  Sigmund (D:2)
  An ice beast (D:5)
  2 lemures (D:5)
  An elf zombie (Ossuary)
  3 scorpions
  A howler monkey (D:5)
  2 human zombies (Ossuary)
  2 hounds
  A jelly (D:5)
  2 orc priests (D:4)
  2 iguanas (D:4)
  2 mummies (Ossuary)
  7 adders
  3 adder zombies (Ossuary)
  2 worms (D:3)
  A dart slug (D:1)
  17 orcs
  8 endoplasms
  A giant cockroach (D:2)
  10 goblins
  12 hobgoblins
  3 quokkas
  10 ball pythons
  10 bats
  3 frilled lizards
  3 goblin zombies (Ossuary)
  11 hobgoblin zombies
  A jackal zombie (Ossuary)
  12 kobolds
  9 kobold zombies (Ossuary)
  7 orc zombies (Ossuary)
  3 rats
  A rat zombie (Ossuary)
154 creatures vanquished.

Vanquished Creatures (others)
  2 fulminant prisms
  A fungus (D:5)
  3 toadstools (D:5)
6 creatures vanquished.

Grand Total: 160 creatures vanquished

Notes
Turn   | Place    | Note
-------+----------+-------------------------------------------
     0 | D:1      | Morbidden the Deep Elf Conjurer began the quest for the
                  | Orb.
     0 | D:1      | Reached XP level 1. HP: 10/10 MP: 6/6
   158 | D:1      | Found a faded altar of an unknown god.
   268 | D:1      | Reached XP level 2. HP: 16/16 MP: 5/8
   292 | D:1      | Prayed at the altar of an unknown god.
   292 | D:1      | Became a worshipper of Dithmenos the Shadowed
   292 | D:1      | Reached * piety under Dithmenos
   667 | D:2      | Reached skill level 5 in Conjurations
   716 | D:2      | Learned a level 2 spell: Searing Ray
   791 | D:2      | Reached XP level 3. HP: 15/20 MP: 3/9
  1043 | D:2      | Noticed Sigmund
  1047 | D:2      | Killed Sigmund
  1048 | D:2      | Reached skill level 1 in Fighting
  1048 | D:2      | Reached skill level 6 in Conjurations
  1048 | D:2      | Reached skill level 1 in Invocations
  1048 | D:2      | Reached XP level 4. HP: 25/25 MP: 4/12
  1048 | D:2      | Reached XP level 5. HP: 29/29 MP: 4/13
  1407 | D:2      | Learned a level 4 spell: Iskenderun's Mystic Blast
  1412 | D:2      | Learned a level 4 spell: Fulminant Prism
  1738 | D:3      | Reached ** piety under Dithmenos
  1842 | D:3      | Found a large runed translucent door.
  1842 | D:3      | Found a large runed translucent door.
  1950 | D:3      | Found a transporter.
  1950 | D:3      | Found a basalt altar of Yredelemnul.
  2517 | D:3      | Found a transporter.
  2559 | D:3      | Found an ancient bone altar of Kikubaaqudgha.
  2563 | D:3      | Noticed Menkaure
  3143 | D:3      | Found a glowing golden altar of the Shining One.
  3177 | D:3      | Found a glowing silver altar of Zin.
  3226 | D:4      | Reached XP level 6. HP: 34/34 MP: 3/14
  3318 | D:4      | Found a staircase to the Ecumenical Temple.
  3529 | D:4      | Reached *** piety under Dithmenos
  4028 | D:4      | Reached skill level 5 in Spellcasting
  4028 | D:4      | Reached skill level 1 in Hexes
  4028 | D:4      | Reached skill level 1 in Translocations
  4704 | D:4      | Reached XP level 7. HP: 39/39 MP: 7/16
  4823 | D:5      | Entered Level 5 of the Dungeon
  4878 | D:5      | Reached skill level 7 in Conjurations
  5191 | D:5      | Found a sand-covered staircase.
  5211 | Ossuary  | Entered an ossuary
  5509 | Ossuary  | Reached **** piety under Dithmenos
  5633 | Ossuary  | Reached skill level 1 in Short Blades
  6167 | D:5      | Noticed Pikel
  6184 | D:5      | Reached XP level 8. HP: 44/44 MP: 9/19
  6194 | D:5      | Killed from afar by Pikel

Illustrated notes

Levels and vault maps discovered:
D:1:      dpeg_arrival_simpleton_b, layout_rooms,
          shapermc_ecumenical_altar_starsandcircs, chequers_garden, nrook_uturn
D:2:      layout_basic, uniq_sigmund
D:3:      minmay_recursive_quarters, layout_basic, gammafunk_temple_of_torment,
          jmf_multi_god_temple2, minmay_misc_feat_diagonals
D:4:      minmay_razor_zed, layout_rooms, temple_hall
D:5:      layout_loops_cross, enter_ossuary_3, minmay_gold_behind_fungi,
          hellmonk_bongcloud_opening, uniq_pikel

Skill      XL: |  1  2  3  4  5  6  7 |
---------------+----------------------+-----
Conjurations   | 5 6 7 |  7.4
Fighting       | 1 2 |  2.0
Dodging        | 3 4 |  4.2
Spellcasting   | 4 5 6 |  6.1
Invocations    | 1 2 |  2.2
Stealth        | 3 |  3.6
Hexes          | 1 2 |  2.2
Translocations | 1 2 |  2.3
Short Blades   | 1 |  1.2
Evocations     | |  0.1

Action                   |  1- 3 |  4- 6 |  7- 9 || total
-------------------------+-------+-------+-------++-------
Melee: Unarmed           |       |     9 |       ||     9
       Punch             |       |     3 |       ||     3
       Dagger            |       |     9 |    33 ||    42
 Cast: Magic Dart        |    39 |   155 |    61 ||   255
       Searing Ray       |     1 |    12 |    13 ||    26
       Fulminant Prism   |       |       |     2 ||     2
Evoke: Piece from Xom's  |       |       |     1 ||     1
  Use: Scroll            |       |       |     7 ||     7
Armor: Robe              |       |     8 |     3 ||    11
Dodge: Dodged            |     1 |    37 |    63 ||   101

Table legend: (Time is in decaauts)
 A = Elapsed time spent in this place.
 B = Non-inter-level travel time spent in this place.
 C = Inter-level travel time spent in this place.
 D = Time resting spent in this place.
 E = Time spent auto-exploring this place.
 F = Levels seen in this place.
 G = Mean time per level.
                   A        B        C        D        E       F      G
               +--------+--------+--------+--------+--------+-----+--------+
         Total |   6196 |   6081 |    115 |    465 |   4499 |   6 | 1032.7 |
       Dungeon |   5493 |   5378 |    115 |    387 |   4130 |   5 | 1098.6 |
       Ossuary |    703 |    703 |      0 |     78 |    369 |   1 |  703.0 |
               +--------+--------+--------+--------+--------+-----+--------+

Top non-repeatable levels by time:
     D:4: 1605 daAuts
     D:3: 1600 daAuts
     D:2: 950 daAuts
 Ossuary: 703 daAuts
     D:5: 670 daAuts
     D:1: 665 daAuts
